 Dungeon Crawl Stone Soup version 0.28-a0-998-gb9e9c7b67e (webtiles) character file.

Game seed: 12010861035466003682

313020 demibob the Slayer (level 20, -7/277 HPs)
             Began as a Demonspawn Gladiator on Dec 5, 2021.
             Was a High Priest of Fedhas.
             Succumbed to poison (poison gas)
             ... on level 4 of the Swamp.
             The game lasted 02:11:32 (53729 turns).

demibob the Slayer (Demonspawn Gladiator)          Turns: 53729, Time: 02:11:33

Health: -7/277     AC: 39    Str: 24    XL:     20   Next: 79%
Magic:  14/29      EV: 26    Int:  8    God:    Fedhas [*****.]
Gold:   4612       SH:  5    Dex: 15    Spells: 19/19 levels left

rFire   + . .      SeeInvis .   a - +7 lajatang (spect)
rCold   . . .      Faith    .   (shield currently unavailable)
rNeg    . . .      Spirit   +   P - +4 fire dragon scales
rPois   .          Reflect  +   l - +2 hat of Opauch {Str+4 Int-5 Slay+3}
rElec   .          Harm     .   v - +1 cloak
rCorr   .          Rampage  .   q - +0 pair of gloves
Will    +....                   U - +1 pair of boots {Stlth+}
Stlth   ..........              d - amulet of reflection
HPRegen 0.56/turn               C - ring of ice
MPRegen 0.42/turn               f - ring of the Hare {EV+8}

@: berserking, lethally poisoned (-7 -> -67), sanguine armoured, studying
Conjurations, slow
A: claws 2, magic shield, magic regeneration, magic link, sanguine armour 3,
demonic magic 3
}: 1/15 runes: serpentine
a: Renounce Religion, Wall of Briars, Grow Ballistomycete, Overgrow, Grow Oklob


You were on level 4 of the Swamp.
You worshipped Fedhas.
Fedhas was extremely pleased with you.
You visited 6 branches of the dungeon, and saw 35 of its levels.
You also visited: Sewer, Gauntlet, Ice Cave and Desolation.

You collected 5162 gold pieces.
You spent 550 gold pieces at shops.


Innate Abilities, Weirdness & Mutations

You have very sharp fingernails.
When hurt, damage is shared between your health and your magic reserves.
You regenerate magic rapidly.
When low on magic, you restore magic in place of health.
When seriously injured, your blood forms very thick armour. (AC +12)
Spells you cast and wands you use may paralyse nearby enemies.


   Skills:
 + Level 23.0 Fighting
 - Level 14.0 Staves
 - Level 1.7 Throwing
 - Level 17.4 Armour
 + Level 16.9 Dodging
 - Level 12.1 Invocations


You had 19 spell levels left.
You didn't know any spells.
Your spell library contained the following spells:

 Spells                   Type           Power      Damage    Failure   Level
 Animate Skeleton         Necr           0%         N/A       65%         1
 Apportation              Tloc           0%         N/A       65%         1
 Beastly Appendage        Tmut           0%         N/A       65%         1
 Freeze                   Ice            0%         1d3       65%         1
 Pain                     Necr           0%         1d4       65%         1
 Summon Small Mammal      Summ           0%         N/A       65%         1
 Corpse Rot               Necr/Air       0%         N/A       78%         2
 Ensorcelled Hibernation  Hex/Ice        0%         N/A       78%         2
 Passwall                 Tmut/Erth      0%         N/A       78%         2
 Poisonous Vapours        Pois/Air       0%         N/A       78%         2
 Static Discharge         Conj/Air       0%         N/A       78%         2
 Sublimation of Blood     Necr           0%         N/A       78%         2
 Wereblood                Tmut           0%         N/A       78%         2
 Dazzling Flash           Conj/Hex       0%         N/A       95%         3
 Frozen Ramparts          Ice            0%         1d2       95%         3
 Gell's Gravitas          Tloc           0%         N/A       95%         3
 Ignite Poison            Fire/Tmut/Pois 0%         N/A       95%         3
 Inner Flame              Hex/Fire       0%         N/A       95%         3
 Lesser Beckoning         Tloc           0%         N/A       95%         3
 Mephitic Cloud           Conj/Pois/Air  0%         N/A       95%         3
 Portal Projectile        Hex/Tloc       0%         N/A       95%         3
 Spider Form              Tmut/Pois      0%         N/A       95%         3
 Summon Guardian Golem    Hex/Summ       0%         N/A       95%         3
 Teleport Other           Tloc           0%         N/A       95%         3
 Tukima's Dance           Hex            0%         N/A       95%         3
 Airstrike                Air            0%         N/A       100%        4
 Cause Fear               Hex            0%         N/A       100%        4
 Dispel Undead            Necr           0%         3d6       100%        4
 Hailstorm                Conj/Ice       0%         3d3       100%        4
 Ice Form                 Ice/Tmut       0%         N/A       100%        4
 Iskenderun's Mystic Bla  Conj/Tloc      0%         2d3       100%        4
 Passage of Golubria      Tloc           0%         N/A       100%        4
 Petrify                  Tmut/Erth      0%         N/A       100%        4
 Sticky Flame             Conj/Fire      0%         2d3       100%        4
 Summon Ice Beast         Ice/Summ       0%         N/A       100%        4
 Summon Lightning Spire   Summ/Air       0%         N/A       100%        4
 Agony                    Necr           0%         N/A       100%        5
 Alistair's Intoxication  Tmut/Pois      0%         N/A       100%        5
 Blade Hands              Tmut           0%         N/A       100%        5
 Excruciating Wounds      Necr           0%         N/A       100%        5
 Fireball                 Conj/Fire      0%         3d3       100%        5
 Freezing Cloud           Conj/Ice/Air   0%         6-21      100%        5
 Irradiate                Conj/Tmut      0%         3d13      100%        5
 Iskenderun's Battlesphe  Conj           0%         2d6       100%        5
 Lightning Bolt           Conj/Air       0%         1d11      100%        5
 Metabolic Englaciation   Hex/Ice        0%         N/A       100%        5
 Silence                  Hex/Air        0%         N/A       100%        5
 Yara's Violent Unravell  Hex/Tmut       0%         3d3       100%        5
 Conjure Ball Lightning   Conj/Air       0%         3x3d6     100%        6
 Eringya's Noxious Bog    Tmut/Pois      0%         N/A       100%        6
 Simulacrum               Ice/Necr       0%         N/A       100%        6
 Starburst                Conj/Fire      0%         6d3       100%        6
 Statue Form              Tmut/Erth      0%         N/A       100%        6
 Dragon Form              Tmut           0%         N/A       100%        7
 Orb of Destruction       Conj           0%         N/A       100%        7
 Storm Form               Tmut/Air       0%         N/A       100%        7
 Borgnjor's Revivificati  Necr           0%         N/A       100%        8
 Discord                  Hex            0%         N/A       100%        8
 Disjunction              Tloc           0%         N/A       100%        8
 Ignition                 Fire           0%         3d3       100%        8
 Lehudib's Crystal Spear  Conj/Erth      0%         10d2      100%        8
 Maxwell's Capacitive Co  Air            0%         ∞         100%        8
 Necromutation            Tmut/Necr      0%         N/A       100%        8
 Death's Door             Necr           0%         N/A       100%        9
 Polar Vortex             Ice            0%         N/A       100%        9

Inventory:

Hand Weapons
 a - a +7 spectral lajatang (weapon)
 b - a +1 quarterstaff of venom
Missiles
 x - 4 curare-tipped darts (quivered) {=f}
 K - 4 throwing nets {=f}
Armour
 l - the +2 hat of Opauch (worn) {Str+4 Int-5 Slay+3}
   (You found it in an ice cave)

   Str:       It affects your strength (+4).
   Int:       It affects your intelligence (-5).
   Slay:      It affects your accuracy & damage with ranged weapons and melee
   (+3).
 q - a +0 pair of gloves (worn)
 v - a +1 cloak (worn)
 O - a +0 helmet of see invisible
 P - +4 fire dragon scales (worn)
 U - a +1 pair of boots of stealth (worn)
 Y - a +1 chain mail of poison resistance
Jewellery
 d - an amulet of reflection (around neck)
 f - the ring of the Hare (right hand) {EV+8}
   (You took it off a hell knight on level 2 of the Vaults)

   [ring of evasion]

   EV:        It affects your evasion (+8).
 A - the ring "Sumije" {rElec Int+6}
   (You acquired it on level 6 of the Dungeon)

   [ring of intelligence]

   Int:       It affects your intelligence (+6).
   rElec:     It insulates you from electricity.
 C - a ring of ice (left hand)
 F - a ring of protection from fire
 T - a ring of fire
Wands
 h - a wand of acid (16)
 i - a wand of flame (28)
 k - a wand of paralysis (7)
 r - a wand of digging (17)
 u - a wand of mindburst (48)
 D - a wand of charming (10)
 L - a wand of iceblast (41)
 Q - a wand of polymorph (6)
Scrolls
 s - 5 scrolls of magic mapping
 H - 10 scrolls of fear
 R - 5 scrolls of fog
 V - 7 scrolls of identify {@r1}
 W - 4 scrolls of teleportation {@r2}
Potions
 g - 8 potions of ambrosia
 j - 8 potions of haste {@q3}
 n - 3 potions of attraction
 o - 3 potions of flight
 p - 6 potions of mutation
 w - 3 potions of resistance
 B - 2 potions of magic
 G - a potion of berserk rage {!q}
 S - 2 potions of might
Miscellaneous
 c - a phantom mirror (inert)
 e - a lightning rod (4/4)
 m - a condenser vane
 E - a phial of floods

Dungeon Overview and Level Annotations

Branches:
Dungeon (15/15)            Temple (0/1) D:4            Lair (6/6) D:8
  Swamp (4/4) Lair:2        Snake (4/4) Lair:2        Slime (0/5) Lair:5
    Orc (2/2) D:11            Elf (0/3) Orc:2        Vaults (4/5) D:14
  Crypt (0/3) Vaults:2     Depths (0/4) D:15          Sewer (visited)
  IceCv (visited)         Desolation (visited)      Gauntlet (visited)

Altars:
Cheibriados
Dithmenos
Fedhas
Kikubaaqudgha
Makhleb
Qazlal
Sif Muna
Trog
Xom
Yredelemnul
Zin
Beogh
Jiyva

Shops:
Orc:1 :   Orc:2 (*:[   Vaults:1 (   Vaults:2 ?

Portals:
Trove: D:13 (give +4 demon whip)

Annotations:
D:2 1 runed translucent door, Crazy Yiuf
Lair:2 3 runed translucent doors, Gyitair's ghost, journeyman DDFi
Lair:5 1 runed translucent door, Etewkasm's ghost, journeyman TrMo

♣♣♣ ♣♣♣.♣♣ ♣♣.≈≈≈♣
♣°°.≈♣♣ ♣♣°○○°♣♣
♣♣@D≈.♣♣♣ ♣♣○..♣.♣♣
♣♣♣♣ ♣♣○≈.≈.♣ ♣♣..♣♣
♣.§≈.♣♣ ♣≈.≈.♣♣♣♣♣≈.♣♣♣
♣...♣..♣[....♣
♣♣♣♣♣♣♣♣♣♣.....≈§...§♣
♣..♣♣≈≈♣♣♣..D...≈≈..♣♣
.≈≈†≈≈.≈.≈≈.≈...≈.≈≈.♣♣


You could see a steam dragon (extremely poisoned, catching breath).


Message History

The swamp dragon closely misses you.
The steam dragon looks as sick as possible!
The steam dragon breathes steam at you. The ball of steam misses you.
Unknown command.
Your unstable footing causes you to fumble your attack.
You are engulfed in poison gas.
You are lethally poisoned!
* * * LOW HITPOINT WARNING * * *
x2 You feel extremely sick.
The swamp dragon barely misses you.
The swamp dragon completely misses you. x2
The steam dragon is engulfed in poison gas.
The steam dragon looks as sick as possible!
The steam dragon completely misses you. The steam dragon barely misses you.
You slice the swamp dragon!!
You kill the swamp dragon!
Fedhas appreciates your contribution to the ecosystem.
You are engulfed in poison gas.
You are more poisoned.
* * * LOW HITPOINT WARNING * * *
x2 You feel extremely sick.
Unknown command.
Really quaff
G - 2 potions of berserk rage {!q}?
A red film seems to cover your vision as you go berserk!
You feel yourself moving faster!
You feel mighty!
You are engulfed in poison gas.
You are more poisoned.
* * * LOW HITPOINT WARNING * * *
You die...
Fedhas appreciates your contribution to the ecosystem.

Skill      XL: |  1  2  3  4  5  6  7  8  9 10 11 12 13 14 15 16 17 18 19 20 |
---------------+-------------------------------------------------------------+-----
Staves         | 3 4 5 6 7 8 9 10 12 13 14 | 14.0
Invocations    | 2 6 9 12 | 12.1
Armour         | 4 6 10 12 13 15 16 17 | 17.4
Dodging        | 5 7 9 11 12 14 16 | 16.9
Fighting       | 7 10 13 15 17 19 20 21 23 | 23.0
Throwing       | |  1.7

Action                   |  1- 3 |  4- 6 |  7- 9 | 10-12 | 13-15 | 16-18 | 19-21 || total
-------------------------+-------+-------+-------+-------+-------+-------+-------++-------
Melee: Quarterstaff      |   105 |    32 |       |       |    21 |       |       ||   158
       Lajatang          |       |    75 |   103 |   350 |   580 |  1150 |   849 ||  3107
Throw: Throwing net      |       |       |       |       |     4 |       |       ||     4
       Dart              |       |       |       |       |     1 |       |       ||     1
Invok: Grow Oklob        |       |       |       |     3 |    20 |    15 |    12 ||    50
Evoke: Wand              |       |       |       |     2 |     2 |       |     2 ||     6
       Phantom mirror    |       |       |       |       |     1 |       |     1 ||     2
       Phial of floods   |       |       |       |       |       |     1 |       ||     1
  Use: Scroll            |     3 |     6 |     6 |    11 |    11 |    16 |    11 ||    64
       Potion            |       |       |     1 |     7 |     8 |    14 |     8 ||    38
 Stab: Sleeping          |     1 |     1 |       |     1 |       |       |       ||     3
       Distracted        |     1 |       |     2 |     4 |    11 |    28 |    18 ||    64
       Invisible         |       |       |     1 |       |       |     9 |       ||    10
       Petrified         |       |       |       |       |     2 |       |       ||     2
Armor: Leather armour    |    28 |    26 |    23 |    67 |    73 |       |       ||   217
       Scale mail        |       |       |       |    10 |     7 |       |       ||    17
       Animal skin       |       |       |       |       |   128 |    26 |       ||   154
       Chain mail        |       |       |       |       |    12 |   205 |       ||   217
       Skin              |       |       |       |       |       |     2 |       ||     2
       Fire dragon scale |       |       |       |       |       |   167 |   267 ||   434
Dodge: Dodged            |    59 |    70 |    30 |   214 |   429 |   579 |   706 ||  2087
Block: Other             |       |       |       |       |       |   148 |   135 ||   283
       Reflection        |       |       |       |       |       |    13 |     9 ||    22

Levels and vault maps discovered:
D:1:      psy_arrival_conway, layout_basic, basic_ecumenical_altar,
          grunt_decor_fettered, st_stairs_13
D:2:      layout_loops_corners, chequers_serial_rivers_small_a,
          uniq_crazy_yiuf_cottage
D:3:      layout_basic, gup_sewer_entry_spiral
D:4:      layout_cave_pods, minmay_temple_entry_wispy
D:5:      layout_cave_pods, mainiacjoe_overflow_small_starburst,
          mainiacjoe_overflow_alcove_2, nicolae_qazlal_style_of_elements,
          uniq_sigmund
D:6:      layout_loops_corners, kiku_gazebo_pond_becter,
          nicolae_overflow_squiral
D:7:      layout_loops_ring, kennysheep_pointless_box, uniq_prince_ribbit1,
          uniq_menkaure, uniq_pikel
D:8:      layout_cave_pods, lair_entry_dummy
D:9:      layout_roguey, uniq_erolcha
D:10:     layout_rooms, nrook_loot_triangle
D:11:     layout_roguey, david_orc_1_choice
D:12:     layout_loops_cross
D:13:     layout_basic, enter_trove_0, grunt_decor_one_mirror
D:14:     layout_long_grid, erik_vaults_2, serial_park_tiny_pond, drop_trap,
          cheibriados_altar_1
D:15:     grunt_enter_depths_giant_problem, layout_gridville,
          grunt_dithmenos_smoke_and_mirrors, uniq_roxanne, uniq_josephine
Lair:1:   layout_roguey [special_room_bee], basic_altar
Lair:2:   gammafunk_worm_tunnel, layout_cave_pods, palyth_hydra_swamp_entry,
          guppyfry_snake_entry_garden, gammafunk_ghost_hydra_chop
Lair:3:   layout_big_grid, uniq_rupert
Lair:4:   layout_regular_city, gauntlet_entry_generic, grunt_megastairs_5
Lair:5:   layout_regular_city, slime_altar_1, ebering_ghost_xom
Lair:6:   cheibrodos_lair_end_hotspot, layout_misc_corridors,
          hellmonk_guarded_unrand_zhor
Swamp:1:  layout_basic_swamp, evilmike_swamp_ruin_house_4, swamp_pool3
Swamp:2:  layout_basic_swamp, evilmike_swamp_ruin_rubble_1, swamp_pool1
Swamp:3:  layout_basic_swamp, hangedman_swamp_pad, uniq_kirke, uniq_bai_suzhen
Swamp:4:  swamp_fiery, layout_basic_swamp, uniq_mlioglotl
Snake:1:  layout_basic, portal_ice_cave_entry_ice_simulacra, basic_altar,
          library_closet, uniq_aizul
Snake:2:  layout_chambers, basic_altar, grunt_ministairs_10, uniq_donald
Snake:3:  layout_grid_maze
Snake:4:  grunt_snake_rune_pools, layout_basic, drop_trap
Orc:1:    giant_chief_lemuel, layout_caves, serial_shops, nicolae_shop_stone,
          guppyfry_library_mini
Orc:2:    grunt_orc_cross, layout_caves, ebering_ghost_disaster_area,
          minmay_orc_keep, uniq_maurice
Vaults:1: ontoclasm_vaults_claustrophobia, v_misc_2, vaults_room_corners,
          vaults_room_semicircle, v_misc_23, nicolae_vaults_alarming,
          grunt_vaults_hallway_short, layout_vaults_quadrants, serial_shops,
          nicolae_shop_window_shopping
Vaults:2: portal_desolation_entry_nicolae_slug, hangedman_vaults_corner,
          not_door_vault_due, hangedman_vaults_maws,
          minmay_crypt_entry_simple_plaza, hangedman_vaults_stitches,
          ontoclasm_vaults_eye, v_pattern_4, ontoclasm_vaults_misaligned,
          hangedman_vaults_trim, nicolae_vaults_little_squares_4,
          vaults_room_semicircle, nicolae_vaults_asterisk,
          layout_vaults_maze_snakey, serial_shops, shop
Vaults:3: nicolae_vaults_triangles, hellmonk_guarded_unrand_gong, v_misc_14,
          v_misc_24, nicolae_vaults_rhombus_5, nicolae_vaults_what_the_h,
          v_misc_3, nicolae_vaults_diagonal_hallway_9,
          vaults_room_stairs_pillars, vaults_dpeg_encased_lava,
          nicolae_vaults_little_squares_3, nicolae_vaults_mini_display_case,
          v_rooms_4, layout_vaults_big_room
Vaults:4: ontoclasm_vaults_gateway, vaults_room_ringed_pool,
          nicolae_vaults_network_quinsquares
          [nicolae_vaults_network_quincunx_subvault,
          nicolae_vaults_network_quincunx_subvault,
          nicolae_vaults_network_quincunx_subvault,
          nicolae_vaults_network_quincunx_subvault], v_misc_16,
          hangedman_vaults_capsules, ontoclasm_vaults_pinch,
          nicolae_vaults_windows_and_doors_thing, ontoclasm_vaults_shuriken,
          v_misc_18, dpeg_vaults_waves, v_alt_pattern_4, vaults_room_fours,
          nicolae_vaults_ring_of_whatevers, nicolae_vaults_network_barrier,
          vaults_room_fancy_cross, vaults_room_door_ring, layout_vaults_omnibox

Notes
Turn   | Place    | Note
-------+----------+-------------------------------------------
     0 | D:1      | demibob the Demonspawn Gladiator began the quest for the
                  | Orb.
     0 | D:1      | Reached XP level 1. HP: 16/16 MP: 1/1
    80 | D:1      | Reached skill level 3 in Staves
   105 | D:1      | Gained mutation: Spells you cast may paralyse adjacent
                  | enemies. [demonic ancestry]
   105 | D:1      | Reached XP level 2. HP: 21/22 MP: 2/2
   296 | D:1      | Found a faded altar of an unknown god.
   549 | D:1      | Reached XP level 3. HP: 27/27 MP: 3/3
   663 | D:1      | Prayed at the altar of an unknown god.
   663 | D:1      | Became a worshipper of Fedhas Madash
   663 | D:1      | Reached * piety under Fedhas
   802 | D:2      | Reached skill level 4 in Staves
  1769 | D:2      | Found a runed translucent door.
  1770 | D:2      | Noticed Crazy Yiuf
  2373 | D:3      | Gained mutation: You regenerate magic rapidly. [demonic
                  | ancestry]
  2373 | D:3      | Reached XP level 4. HP: 12/33 MP: 4/4
  2590 | D:3      | Reached ** piety under Fedhas
  2598 | D:3      | Found a glowing drain.
  2612 | Sewer    | Entered a sewer
  2670 | Sewer    | Noticed Pargi
  2674 | Sewer    | Identified a scroll of acquirement
  2674 | Sewer    | Acquired a +3 spectral lajatang
  2681 | Sewer    | Killed Pargi
  2682 | Sewer    | Reached skill level 5 in Staves
  2682 | Sewer    | Gained mutation: Spells you cast may paralyse nearby
                  | enemies. [demonic ancestry]
  2682 | Sewer    | Reached XP level 5. HP: 19/38 MP: 5/5
  3228 | D:3      | Reached skill level 6 in Staves
  3283 | D:3      | Reached XP level 6. HP: 41/44 MP: 6/6
  3869 | D:4      | Reached *** piety under Fedhas
  3928 | D:4      | Identified the +2 chain mail of the Playwright {Harm rF-
                  | Dex+2}
  3980 | D:4      | Found a staircase to the Ecumenical Temple.
  4076 | D:4      | Reached skill level 7 in Staves
  4722 | D:5      | Entered Level 5 of the Dungeon
  4724 | D:5      | Identified the +9 war axe "Yprouraf" {protect, rElec rPois}
  4729 | D:5      | Noticed Sigmund
  4736 | D:5      | Killed Sigmund
  4737 | D:5      | Reached skill level 2 in Invocations
  4737 | D:5      | Reached XP level 7. HP: 50/50 MP: 6/8
  4886 | D:5      | Reached skill level 3 in Invocations
  5127 | D:5      | Reached skill level 4 in Invocations
  5185 | D:5      | Found a stormy altar of Qazlal.
  5188 | D:5      | Noticed a fire elemental
  5188 | D:5      | Noticed a water elemental
  5188 | D:5      | Noticed an air elemental
  5256 | D:5      | HP: 3/50 [ogre (34)]
  5588 | D:5      | Found a basalt altar of Yredelemnul.
  5646 | D:5      | Reached skill level 8 in Staves
  5646 | D:5      | Reached skill level 5 in Invocations
  5897 | D:5      | Found a bloodstained altar of Trog.
  5962 | D:6      | Noticed a troll
  5967 | D:6      | Killed a troll
  5968 | D:6      | Reached skill level 6 in Invocations
  5968 | D:6      | Gained mutation: When seriously injured, your blood forms
                  | armour. (AC +12) [demonic ancestry]
  5968 | D:6      | Reached XP level 8. HP: 39/56 MP: 10/12
  6308 | D:6      | Found an ancient bone altar of Kikubaaqudgha.
  6331 | D:6      | Reached **** piety under Fedhas
  6574 | D:6      | Found a shimmering blue altar of Sif Muna.
  6578 | D:6      | Found a burning altar of Makhleb.
  6586 | D:6      | Reached skill level 7 in Invocations
  6994 | D:6      | Acquired the ring "Sumije" {rElec Int+6}
  7169 | D:7      | Reached skill level 9 in Staves
  7300 | D:7      | Reached skill level 8 in Invocations
  7535 | D:7      | Noticed a cyclops
  7557 | D:7      | Killed a cyclops
  7558 | D:7      | Reached skill level 9 in Invocations
  7558 | D:7      | Gained mutation: When seriously injured, your blood forms
                  | thick armour. (AC +12) [demonic ancestry]
  7558 | D:7      | Reached XP level 9. HP: 25/61 MP: 15/15
  7631 | D:7      | Noticed Menkaure
  7636 | D:7      | Killed Menkaure
  7637 | D:7      | Reached skill level 1 in Armour
  7918 | D:7      | Noticed Pikel
  7924 | D:7      | Killed Pikel
  7925 | D:7      | Reached skill level 10 in Staves
  7925 | D:7      | Reached skill level 3 in Armour
  7985 | D:7      | Noticed Prince Ribbit
  7999 | D:7      | Killed Prince Ribbit
  8527 | D:8      | Found a staircase to the Lair.
  8531 | D:8      | Reached skill level 4 in Armour
  8828 | D:8      | Acquired 752 gold pieces
  8853 | D:8      | Gained mutation: When hurt, damage is shared between your
                  | health and your magic reserves. [demonic ancestry]
  8853 | D:8      | Reached XP level 10. HP: 42/67 MP: 16/16
  9522 | D:8      | Upgraded the game from 0.28-a0-991-g956f0ee3d5 to
                  | 0.28-a0-998-gb9e9c7b67e
  9752 | D:9      | Reached ***** piety under Fedhas
  9759 | D:9      | Reached skill level 11 in Staves
  9909 | D:9      | Reached skill level 5 in Armour
  9964 | D:9      | Got the Disquisition on Envenoming
 10002 | D:9      | Noticed Erolcha
 10015 | D:9      | Killed Erolcha
 10220 | D:9      | Noticed a two-headed ogre
 10226 | D:9      | Killed a two-headed ogre
 10227 | D:9      | Reached skill level 6 in Armour
 10319 | D:9      | Reached skill level 3 in Dodging
 10757 | D:10     | Entered Level 10 of the Dungeon
 10766 | D:10     | Reached skill level 4 in Dodging
 10801 | D:10     | Reached skill level 12 in Staves
 11135 | D:10     | Noticed a two-headed ogre
 11139 | D:10     | Killed a two-headed ogre
 11400 | D:10     | Reached skill level 5 in Dodging
 11400 | D:10     | Reached XP level 11. HP: 62/72 MP: 14/17
 11511 | D:10     | Noticed a two-headed ogre
 11520 | D:10     | Killed a two-headed ogre
 12062 | D:11     | Noticed a boulder beetle
 12084 | D:11     | Reached skill level 6 in Dodging
 12093 | D:11     | You fall into a shaft and drop 1 floor!
 12376 | D:12     | Noticed a two-headed ogre
 12376 | D:12     | Noticed a brown ugly thing
 12383 | D:12     | Killed a two-headed ogre
 12386 | D:12     | Killed a brown ugly thing
 12684 | D:11     | Found a staircase to the Orcish Mines.
 12755 | D:11     | Reached skill level 13 in Staves
 12857 | D:11     | Killed a boulder beetle
 12858 | D:11     | Reached skill level 7 in Dodging
 13324 | D:11     | Identified 3 potions of resistance
 13513 | Lair:1   | Entered Level 1 of the Lair of Beasts
 13899 | Lair:1   | Gained mutation: You have sharp fingernails. [demonic
                  | ancestry]
 13899 | Lair:1   | Reached XP level 12. HP: 38/78 MP: 16/18
 13899 | Lair:1   | Reached ****** piety under Fedhas
 13990 | Lair:1   | Reached skill level 7 in Armour
 14538 | Lair:2   | Reached skill level 14 in Staves
 14850 | Lair:2   | Reached skill level 8 in Armour
 14929 | Lair:2   | Found a staircase to the Snake Pit.
 15089 | Lair:2   | Found a transporter.
 15101 | Lair:2   | Found a runed translucent gate.
 15101 | Lair:2   | Found a runed translucent gate.
 15101 | Lair:2   | Found a runed translucent gate.
 15125 | Lair:2   | Reached skill level 3 in Fighting
 15157 | Lair:2   | Found a transporter.
 15372 | Lair:2   | Noticed a 13-headed hydra
 15372 | Lair:2   | Noticed Gyitair's ghost (journeyman DDFi)
 15372 | Lair:2   | Noticed a 12-headed hydra
 15617 | Lair:2   | Noticed a six-headed hydra
 15620 | Lair:2   | Noticed a seven-headed hydra
 15625 | Lair:2   | Killed a six-headed hydra
 15626 | Lair:2   | Reached skill level 4 in Fighting
 15632 | Lair:2   | Killed a six-headed hydra
 15783 | Lair:2   | Reached skill level 9 in Armour
 15848 | Lair:2   | Found a staircase to the Swamp.
 16075 | Lair:3   | Reached skill level 5 in Fighting
 16194 | Lair:3   | Noticed Rupert
 16206 | Lair:3   | Killed Rupert
 16334 | Lair:3   | Reached skill level 6 in Fighting
 16902 | Lair:4   | Noticed a six-headed hydra
 16915 | Lair:4   | Killed a six-headed hydra
 16930 | Lair:4   | Found a gate leading to a gauntlet.
 16939 | Gauntlet | Entered a Gauntlet
 16939 | Gauntlet | Found a transporter.
 16939 | Gauntlet | Found a transporter.
 16940 | Gauntlet | Found a transporter.
 16941 | Gauntlet | Found a transporter.
 16942 | Gauntlet | Found a transporter.
 16944 | Gauntlet | Found a transporter.
 16952 | Gauntlet | Found a transporter.
 16953 | Gauntlet | Found a transporter.
 16954 | Gauntlet | Found a transporter.
 16955 | Gauntlet | Found a transporter.
 16963 | Gauntlet | Found a transporter.
 16963 | Gauntlet | Noticed a ghost crab
 16966 | Gauntlet | Found a transporter.
 17201 | Gauntlet | Reached skill level 10 in Armour
 17249 | Gauntlet | Reached skill level 7 in Fighting
 17249 | Gauntlet | Reached XP level 13. HP: 73/96 MP: 14/19
 17293 | Gauntlet | Identified the +6 flail of Light {elec, Drain rF+ SInv
                  | Stlth+}
 17293 | Gauntlet | Noticed a minotaur
 17367 | Gauntlet | Killed a minotaur
 17383 | Gauntlet | Found the +3 salamander hide armour {Flames rF++ rC--}
 17697 | Lair:4   | Reached skill level 8 in Fighting
 18208 | Lair:5   | Reached skill level 11 in Armour
 18382 | Lair:5   | Found a runed translucent door.
 18388 | Lair:5   | Found a shimmering altar of Xom.
 18388 | Lair:5   | Noticed Etewkasm's ghost (journeyman TrMo)
 18620 | Lair:5   | Found a staircase to the Slime Pits.
 18623 | Lair:5   | Found a viscous altar of Jiyva.
 18647 | Lair:5   | Reached skill level 9 in Fighting
 18943 | Lair:6   | Entered Level 6 of the Lair of Beasts
 19197 | Lair:6   | Reached skill level 10 in Fighting
 19222 | Lair:6   | Reached skill level 12 in Armour
 19251 | Lair:6   | Noticed a fire dragon
 19299 | Lair:6   | Gained mutation: When low on magic, you restore magic in
                  | place of health. [demonic ancestry]
 19299 | Lair:6   | Reached XP level 14. HP: 108/111 MP: 20/20
 19372 | Lair:6   | Found a large runed translucent door.
 19379 | Lair:6   | Found a large runed translucent door.
 19433 | Lair:6   | Identified the +1 ring mail "Hiaczaf" {Rampage Regen+
                  | Int+2}
 19570 | Lair:6   | Found the +4 skin of Zhor {*Englaciate rC+++ SInv}
 19582 | Lair:6   | Reached skill level 11 in Fighting
 19734 | Lair:6   | Reached skill level 13 in Armour
 20232 | Orc:1    | Entered Level 1 of the Orcish Mines
 20234 | Orc:1    | Found Jusogo's Book Shop.
 20356 | Orc:1    | Reached skill level 12 in Fighting
 20562 | Orc:1    | Paralysed by an orc sorcerer for 3 turns
 21094 | Orc:1    | Reached skill level 8 in Dodging
 21214 | Orc:1    | Noticed a stone giant
 21224 | Orc:1    | Killed a stone giant
 21285 | Orc:1    | Identified the +9 hunting sling of Premature Burial {speed,
                  | rElec rF+ MP+9 Dex+4}
 21425 | Orc:1    | Found the +4 dagger "Morg" {pain, Will+ Int+5}
 21547 | Orc:1    | Identified the +8 mace of Siptoi {speed, Fly Int+4 Dex-4}
 21548 | Orc:1    | Identified the +0 long sword of Taill {drain, Int+2}
 21550 | Orc:1    | Identified the +5 rapier "Baubeics" {freeze, rPois rN+
                  | Will+ Int+6}
 21551 | Orc:1    | Identified the +3 arbalest of Extremism {elec, rF+ Dex+4}
 21673 | Orc:2    | Entered Level 2 of the Orcish Mines
 21781 | Orc:2    | Noticed Urug
 21803 | Orc:2    | Killed Urug
 21876 | Orc:2    | Noticed Nergalle
 21886 | Orc:2    | Killed Nergalle
 21889 | Orc:2    | Noticed an orc warlord
 21901 | Orc:2    | Killed an orc warlord
 21902 | Orc:2    | Reached skill level 13 in Fighting
 21944 | Orc:2    | Reached skill level 9 in Dodging
 22007 | Orc:2    | Found Eclaeg's General Store.
 22021 | Orc:2    | Found Avoq's Antique Weapon Emporium.
 22078 | Orc:2    | Found Ler Saqoesch's Antique Armour Emporium.
 22131 | Orc:2    | Identified a +2 robe of the Archmagi
 22135 | Orc:2    | Reached XP level 15. HP: 81/124 MP: 12/21
 22146 | Orc:2    | Noticed Maurice
 22156 | Orc:2    | Killed Maurice
 22254 | Orc:2    | Found a staircase to the Elven Halls.
 22475 | Orc:2    | Found a large runed translucent door.
 22478 | Orc:2    | Noticed timneilson's ghost (journeyman GrFi)
 22490 | Orc:2    | Found a large runed translucent door.
 22548 | Orc:2    | Killed timneilson's ghost
 22723 | Orc:2    | Found Xoannyro's Book Emporium.
 22907 | Orc:2    | Bought a translucent chain mail for 370 gold pieces
 22907 | Orc:2    | Identified the +6 chain mail of the Skies Above {Int+2}
                  | (You bought it in a shop on level 2 of the Orcish Mines)
 23336 | D:12     | Identified the +6 hunting sling "Tormentor" {venom, Str+7}
 23997 | D:13     | Found a portal to a secret trove of treasure.
 24008 | D:13     | Reached skill level 10 in Dodging
 24650 | D:14     | Found a snail-covered altar of Cheibriados.
 24730 | D:14     | Reached skill level 14 in Fighting
 24781 | D:14     | Found a gate to the Vaults.
 25635 | D:15     | Entered Level 15 of the Dungeon
 25641 | D:15     | Reached skill level 11 in Dodging
 25792 | D:15     | Identified Roxanne's Volume of Transmutation
 25792 | D:15     | Noticed Roxanne
 25912 | D:15     | Noticed a fire giant
 25919 | D:15     | Killed a fire giant
 25969 | D:15     | Noticed Josephine
 25972 | D:15     | Killed Josephine
 25996 | D:15     | Found a staircase to the Depths.
 26085 | D:15     | Reached skill level 15 in Fighting
 26407 | D:15     | Killed Roxanne
 26423 | D:15     | Found a shadowy altar of Dithmenos.
 26870 | Snake:1  | Entered Level 1 of the Snake Pit
 26887 | Snake:1  | Noticed Aizul
 26901 | Snake:1  | Killed Aizul
 27023 | Snake:1  | Reached XP level 16. HP: 111/136 MP: 18/22
 27056 | Snake:1  | Reached skill level 12 in Dodging
 27245 | Snake:1  | Found a frozen archway.
 27338 | IceCv    | Entered an ice cave
 27486 | IceCv    | Noticed an Ice Fiend
 27500 | IceCv    | Killed an Ice Fiend
 27708 | IceCv    | Identified the +2 hat of Opauch {Str+4 Int-5 Slay+3}
 27912 | Snake:1  | Reached skill level 16 in Fighting
 27925 | Snake:1  | Found a stormy altar of Qazlal.
 28822 | Snake:1  | Acquired a manual of Conjurations
 28985 | Snake:2  | Reached skill level 14 in Armour
 29200 | Snake:2  | Found a burning altar of Makhleb.
 29430 | Snake:2  | Noticed Donald
 29442 | Snake:2  | Killed Donald
 30988 | Snake:3  | Reached skill level 17 in Fighting
 31672 | Snake:3  | Reached skill level 15 in Armour
 32252 | Snake:3  | Gained mutation: When seriously injured, your blood forms
                  | very thick armour. (AC +12) [demonic ancestry]
 32252 | Snake:3  | Reached XP level 17. HP: 29/147 MP: 6/23
 33161 | Snake:4  | Entered Level 4 of the Snake Pit
 34144 | Snake:4  | Reached skill level 18 in Fighting
 34823 | Snake:4  | Reached skill level 16 in Armour
 35866 | Snake:4  | Got a serpentine rune of Zot
 36349 | Vaults:1 | Entered Level 1 of the Vaults
 37190 | Vaults:1 | HP: 13/151 [ironbound thunderhulk/bolt of lightning (3)]
 37526 | Vaults:1 | Reached skill level 19 in Fighting
 37941 | Vaults:1 | Reached XP level 18. HP: 139/160 MP: 24/24
 38512 | Vaults:1 | Paralysed by a sphinx for 6 turns
 38521 | Vaults:1 | Reached skill level 13 in Dodging
 39704 | Vaults:1 | Found Yfoem's Antique Weapon Shoppe.
 39901 | Vaults:2 | Found Ihuec's Magic Scroll Shoppe.
 40062 | Vaults:2 | Bought a scroll of enchant weapon for 90 gold pieces
 40062 | Vaults:2 | Bought a scroll of enchant armour for 90 gold pieces
 40115 | Vaults:2 | Found a crumbling gateway.
 40125 | Desolati | Entered the Desolation of Salt
 40519 | Desolati | Found the +6 shillelagh "Devastator" {shatter}
 40564 | Desolati | Reached skill level 20 in Fighting
 40722 | Desolati | Reached skill level 14 in Dodging
 40759 | Desolati | Identified the amulet "Jifod" {RegenMP Int+2}
 40765 | Desolati | Got Udychonipt's Collected Works on Hexes
 41213 | Desolati | Identified the ring of the Establishment {Fire Str+2 Int+5}
 41325 | Desolati | Identified the +1 chain mail "Wiabeoj" {-Tele rCorr Int+3
                  | Stlth+}
 42812 | Vaults:2 | Found a staircase to the Crypt.
 43001 | Vaults:2 | Gained mutation: Spells you cast and wands you use may
                  | paralyse nearby enemies. [demonic ancestry]
 43001 | Vaults:2 | Reached XP level 19. HP: 127/170 MP: 20/26
 43273 | Vaults:2 | Reached skill level 15 in Dodging
 43273 | Vaults:2 | Reached skill level 10 in Invocations
 43534 | Vaults:2 | Found a huge runed gate.
 43534 | Vaults:2 | Found a huge runed gate.
 43534 | Vaults:2 | Found a huge runed gate.
 43536 | Vaults:2 | Found a huge runed gate.
 43536 | Vaults:2 | Found a huge runed gate.
 43537 | Vaults:2 | Found a huge runed gate.
 43537 | Vaults:2 | Found a huge runed gate.
 43538 | Vaults:2 | Found a huge runed gate.
 43538 | Vaults:2 | Found a huge runed gate.
 43538 | Vaults:2 | Found a huge runed gate.
 43555 | Vaults:2 | Found a huge runed gate.
 43555 | Vaults:2 | Found a huge runed gate.
 43555 | Vaults:2 | Found a huge runed gate.
 43555 | Vaults:2 | Found a huge runed gate.
 43555 | Vaults:2 | Found a huge runed gate.
 43555 | Vaults:2 | Found a huge runed gate.
 43701 | Vaults:2 | Found a huge runed gate.
 43702 | Vaults:2 | Found a huge runed gate.
 43703 | Vaults:2 | Found a huge runed gate.
 43711 | Vaults:2 | Found a huge runed gate.
 43711 | Vaults:2 | Found a huge runed gate.
 43711 | Vaults:2 | Found a huge runed gate.
 43711 | Vaults:2 | Found a huge runed gate.
 43711 | Vaults:2 | Found a huge runed gate.
 43711 | Vaults:2 | Found a huge runed gate.
 43711 | Vaults:2 | Found a huge runed gate.
 43712 | Vaults:2 | Found a huge runed gate.
 43713 | Vaults:2 | Found a huge runed gate.
 43721 | Vaults:2 | Found a huge runed gate.
 43721 | Vaults:2 | Found a huge runed gate.
 43721 | Vaults:2 | Found a huge runed gate.
 43721 | Vaults:2 | Found a huge runed gate.
 43721 | Vaults:2 | Found a huge runed gate.
 43721 | Vaults:2 | Found a huge runed gate.
 44209 | Vaults:2 | Found a huge runed gate.
 44210 | Vaults:2 | Found a huge runed gate.
 44230 | Vaults:2 | Reached skill level 21 in Fighting
 44276 | Vaults:2 | Reached skill level 11 in Invocations
 44525 | Vaults:2 | Noticed a hellephant
 45869 | Vaults:3 | Identified the +3 rapier "Jatiober" {drain, +Blink rPois
                  | Str-2 Int+4}
 46170 | Vaults:3 | Reached skill level 12 in Invocations
 46547 | Vaults:3 | Found the +18 shield of the Gong {rElec rN+ Will+ EV-5}
 47330 | Vaults:3 | Reached skill level 16 in Dodging
 48380 | Vaults:4 | Paralysed by a great orb of eyes for 6 turns
 48427 | Vaults:4 | Gained mutation: You have very sharp fingernails. [demonic
                  | ancestry]
 48427 | Vaults:4 | Reached XP level 20. HP: 123/182 MP: 22/29
 48449 | Vaults:4 | Reached skill level 17 in Armour
 48786 | Vaults:4 | Reached skill level 22 in Fighting
 50428 | Swamp:1  | Entered Level 1 of the Swamp
 52228 | Swamp:3  | Noticed Kirke
 52238 | Swamp:3  | Killed Kirke
 52347 | Swamp:3  | Noticed Bai Suzhen
 52355 | Swamp:3  | Killed Bai Suzhen
 52806 | Swamp:4  | Entered Level 4 of the Swamp
 52821 | Swamp:4  | Noticed Mlioglotl
 52829 | Swamp:4  | Killed Mlioglotl
 53210 | Swamp:4  | Reached skill level 23 in Fighting
 53724 | Swamp:4  | HP: 13/185 [poisoned by a swamp dragon (poison gas)]
 53728 | Swamp:4  | HP: 6/185 [poison (poison gas)]
 53729 | Swamp:4  | Succumbed to poison (poison gas)

Vanquished Creatures
  Bai Suzhen (Swamp:3)
  An Ice Fiend (IceCv)
  Rupert (Lair:3)
  Mlioglotl (Swamp:4)
  A tentacled monstrosity (Swamp:4)
  A quicksilver dragon (Vaults:2)
  3 sphinxes
  Kirke (Swamp:3)
  Roxanne (D:15)
  Donald (Snake:2)
  10 nagarajas
  2 fire giants
  15 vault wardens
  2 imperial myrmidons (Desolation)
  Aizul (Snake:1)
  A war gargoyle (Vaults:3)
  7 very ugly things
  13 ironbound preservers
  The ghost of timneilson the Blocker, a journeyman GrFi of Okawaru (Orc:2)
  A stone giant (Orc:1)
  5 eleionomae
  2 halazid warlocks (Desolation)
  A minotaur (Gauntlet)
  3 bunyips
  An entropy weaver (D:14)
  11 dire elephants
  5 ettins
  2 crystal guardians (Desolation)
  Josephine (D:15)
  5 ragged hierophants (Desolation)
  A deep elf high priest (Vaults:4)
  A fire dragon (Lair:6)
  5 yaktaur captains
  A great orb of eyes (Vaults:4)
  15 naga warriors
  7 ironbound thunderhulks
  5 vault guards (D:14)
  10 peacekeepers
  19 hydras
  3 ironbound frosthearts
  6 boulder beetles
  Erolcha (D:9)
  8 servants of whispers (Desolation)
  12 anacondas
  2 ogre magi (Orc:1)
  2 death knights
  6 centaur warriors
  7 two-headed ogres
  Urug (Orc:2)
  8 alligators
  2 thrashing horrors (Gauntlet)
  4 shock serpents
  An orc high priest (Orc:2)
  15 naga sharpshooters
  13 hell knights
  Nergalle (Orc:2)
  A spriggan berserker (Swamp:2)
  5 spriggans
  2 salamander mystics
  6 goliath frogs
  4 sea snakes (Snake:4)
  40 deep trolls
  9 naga ritualists
  8 lindwurms
  4 spriggan druids
  4 swamp dragons
  6 bog bodies
  9 mana vipers
  2 deep elf pyromancers
  A tengu zombie (Vaults:1)
  9 wizards
  Pikel (D:7)
  19 ironbound convokers
  A fire giant zombie (Vaults:2)
  A human zombie (Vaults:2)
  3 necromancers
  2 orc knights
  A harpy (Vaults:2)
  An orc sorcerer (Orc:1)
  19 cyclopes
  3 manticores
  3 will-o-the-wisps
  29 ugly things
  15 salamanders
  12 elephants
  Maurice (Orc:2)
  32 black mambas
  An elf zombie (Vaults:2)
  7 guardian serpents
  2 torpor snails (Lair:6)
  14 naga magi
  A molten gargoyle (Desolation)
  15 vault sentinels
  A gargoyle (D:11)
  13 cane toads
  5 rime drakes (Lair:6)
  9 komodo dragons
  11 freezing wraiths
  A komodo dragon (shapeshifter) (D:14)
  5 entropy weaver simulacra
  31 yaktaurs
  An anaconda simulacrum (IceCv)
  A tengu conjurer (D:15)
  An elf skeleton (Vaults:2)
  2 ice devils
  A queen bee (Lair:1)
  A golden dragon simulacrum (IceCv)
  7 trolls
  A jumping spider (Vaults:1)
  2 bloated husks
  3 polar bears
  7 tyrant leeches
  3 hornets
  57 saltlings (Desolation)
  Prince Ribbit (D:7)
  5 dream sheep (Lair:6)
  13 blink frogs
  32 slime creatures
  An ettin zombie (Vaults:1)
  A centaur simulacrum (D:14)
  3 spriggan simulacra (IceCv)
  2 redbacks (Vaults:1)
  4 shadows
  2 dire elephant simulacra
  Sigmund (D:5)
  4 small abominations (Gauntlet)
  8 wraiths
  6 wyverns
  2 vampires
  31 yaks
  A hog (Swamp:3)
  9 vampire mosquitoes
  10 basilisks
  A steam dragon (D:9)
  3 minotaur simulacra (Snake:1)
  39 nagas
  5 wargs
  An acid dragon (D:8)
  Menkaure (D:7)
  3 harpy simulacra
  16 swamp worms
  15 water moccasins
  4 hell hounds (Lair:6)
  An ice beast (D:7)
  20 orc warriors
  Pargi (Sewer)
  4 swamp drakes (Swamp:4)
  A black bear (Lair:3)
  2 necrophages
  3 alligator simulacra
  3 boggarts (D:15)
  12 ogres
  10 centaurs
  11 wolves
  A lemure (D:7)
  A kobold brigand (D:9)
  7 bullfrogs
  2 scorpions
  4 deep troll simulacra
  A wyvern zombie (D:8)
  A human skeleton (Vaults:1)
  A wyvern skeleton (D:7)
  A water moccasin skeleton (D:5)
  30 killer bees
  7 wights
  5 howler monkeys
  3 lava snakes (Lair:6)
  3 jellies
  16 orc priests
  2 centaur zombies
  4 hounds
  A bullfrog skeleton (D:7)
  A centaur skeleton (D:6)
  8 iguanas
  22 orc wizards
  19 hell rats
  7 adders
  2 shadow imps
  5 white imps
  5 worms
  3 dart slugs
  45 orcs
  6 endoplasms
  4 giant cockroaches
  5 hobgoblins
  5 jackals
  10 kobolds
  2 quokkas
  16 ball pythons
  5 bats
  7 frilled lizards
  9 goblins
  8 rats
1289 creatures vanquished.

Vanquished Creatures (collateral kills)
  A nagaraja (Snake:4)
  An orc warlord (Orc:2)
  A yaktaur captain (Vaults:3)
  3 vault guards (D:14)
  An ironbound frostheart (Vaults:3)
  6 hydras
  An anaconda (Snake:4)
  A naga sharpshooter (Snake:4)
  A shock serpent (Snake:3)
  5 hell knights (Vaults:2)
  A sea snake (Snake:4)
  A deep troll (Vaults:1)
  An ironbound convoker (Desolation)
  An orc knight (Orc:2)
  A necromancer (Vaults:1)
  An ugly thing (Vaults:2)
  An orc sorcerer (Orc:2)
  A salamander (Snake:1)
  2 molten gargoyles (Lair:6)
  2 black mambas (Lair:6)
  3 naga magi (Snake:4)
  A hellion (Vaults:2)
  4 yaktaurs (Vaults:4)
  A freezing wraith (IceCv)
  A komodo dragon (Lair:6)
  3 saltlings (Desolation)
  A hornet (Swamp:3)
  A slime creature (D:12)
  3 yaks (Lair:3)
  A hog (Swamp:3)
  A steam dragon (Lair:6)
  2 swamp worms
  3 nagas
  8 orc warriors (Orc:2)
  2 lava snakes (Lair:6)
  4 orc priests (Orc:2)
  3 orc wizards (Orc:2)
  15 orcs
90 creatures vanquished.

Vanquished Creatures (others)
  A thorn hunter (Swamp:3)
  An alligator (Swamp:4)
  A tengu conjurer (D:15)
  3 bloated husks
  4 humans (Swamp:3)
  3 vampire mosquitoes (Swamp:3)
  A steam dragon (Swamp:4)
  A swamp worm (Swamp:3)
  An acid dragon (Gauntlet)
  A swamp drake (Swamp:4)
  14 demonic plants (Gauntlet)
  14 foxfires
  24 fungi
  51 plants
120 creatures vanquished.

Grand Total: 1499 creatures vanquished

Table legend: (Time is in decaauts)
 A = Elapsed time spent in this place.
 B = Non-inter-level travel time spent in this place.
 C = Inter-level travel time spent in this place.
 D = Time resting spent in this place.
 E = Time spent auto-exploring this place.
 F = Levels seen in this place.
 G = Mean time per level.
                   A        B        C        D        E       F      G
               +--------+--------+--------+--------+--------+-----+--------+
         Total |  53402 |  50325 |   3077 |  13135 |  28882 |  39 | 1369.3 |
       Dungeon |  17909 |  16444 |   1465 |   2818 |  11608 |  15 | 1193.9 |
          Lair |   6470 |   5724 |    746 |    586 |   3980 |   6 | 1078.3 |
         Swamp |   3330 |   3243 |     87 |    709 |   1920 |   4 |  832.5 |
     Snake Pit |   8659 |   8370 |    289 |   3265 |   3781 |   4 | 2164.8 |
  Orcish Mines |   2742 |   2519 |    223 |    199 |   1780 |   2 | 1371.0 |
        Vaults |  10924 |  10660 |    264 |   4211 |   4924 |   4 | 2731.0 |
         Sewer |    336 |    336 |      0 |     73 |    184 |   1 |  336.0 |
      Ice Cave |    481 |    481 |      0 |    108 |     56 |   1 |  481.0 |
    Desolation |   2054 |   2054 |      0 |   1110 |    494 |   1 | 2054.0 |
      Gauntlet |    493 |    493 |      0 |     55 |    152 |   1 |  493.0 |
               +--------+--------+--------+--------+--------+-----+--------+

Top non-repeatable levels by time:
Vaults:2: 3609 daAuts
Vaults:1: 3081 daAuts
 Snake:4: 2843 daAuts
 Snake:3: 2591 daAuts
Vaults:4: 2372 daAuts
Desolation: 2054 daAuts
  Lair:2: 1865 daAuts
Vaults:3: 1860 daAuts
    D:14: 1766 daAuts
 Snake:1: 1633 daAuts
 Snake:2: 1590 daAuts
     D:2: 1504 daAuts
   Orc:1: 1493 daAuts
    D:11: 1431 daAuts
     D:3: 1396 daAuts

Table legend:
 A = Non-vault XP
 B = Vault XP
 C = Vault XP percentage of total XP
 D = Non-vault monster count
 E = Vault monster count
 F = Vault count percentage of total count
                 A         B        C        D         E       F
            +---------+---------+-------+---------+---------+-------
      Total |  325770 |  236781 |  42.1 |     872 |     509 |  36.9
            +---------+---------+-------+---------+---------+-------
        D:1 |      44 |       2 |   4.3 |      26 |       1 |   3.7
        D:2 |      46 |       0 |   0.0 |      15 |       0 |   0.0
        D:3 |     176 |      18 |   9.3 |      20 |       8 |  28.6
        D:4 |     232 |       0 |   0.0 |      20 |       0 |   0.0
        D:5 |     539 |     208 |  27.8 |      12 |       1 |   7.7
        D:6 |     835 |       0 |   0.0 |      10 |       0 |   0.0
        D:7 |    1472 |    1038 |  41.4 |      21 |       3 |  12.5
        D:8 |     991 |       0 |   0.0 |      15 |       0 |   0.0
        D:9 |    2318 |     861 |  27.1 |      20 |       1 |   4.8
       D:10 |    3230 |       0 |   0.0 |      16 |       0 |   0.0
       D:11 |    4163 |     866 |  17.2 |      15 |       9 |  37.5
       D:12 |    6520 |       0 |   0.0 |      22 |       0 |   0.0
       D:13 |    8263 |       0 |   0.0 |      20 |       0 |   0.0
       D:14 |    8357 |    6974 |  45.5 |      19 |       8 |  29.6
       D:15 |   10529 |    4147 |  28.3 |      21 |       6 |  22.2
     Lair:1 |    2835 |    1818 |  39.1 |      14 |      25 |  64.1
     Lair:2 |    4801 |    2871 |  37.4 |      20 |       9 |  31.0
     Lair:3 |    2593 |    1843 |  41.5 |      18 |       1 |   5.3
     Lair:4 |    7040 |    1074 |  13.2 |      27 |       3 |  10.0
     Lair:5 |    3847 |       0 |   0.0 |      15 |       0 |   0.0
     Lair:6 |   18068 |   10895 |  37.6 |      57 |      33 |  36.7
    Swamp:1 |   11160 |       0 |   0.0 |      27 |       0 |   0.0
    Swamp:2 |   15546 |       0 |   0.0 |      28 |       0 |   0.0
    Swamp:3 |    9946 |    3492 |  26.0 |      21 |       4 |  16.0
    Swamp:4 |    9571 |    5429 |  36.2 |      14 |      10 |  41.7
    Snake:1 |   17826 |    2616 |  12.8 |      37 |       9 |  19.6
    Snake:2 |   16903 |    1824 |   9.7 |      31 |       2 |   6.1
    Snake:3 |   26328 |       0 |   0.0 |      43 |       0 |   0.0
    Snake:4 |   16980 |   29564 |  63.5 |      35 |      41 |  53.9
      Orc:1 |    1116 |   13864 |  92.6 |      19 |      37 |  66.1
      Orc:2 |    1147 |    8805 |  88.5 |      27 |      45 |  62.5
   Vaults:1 |   35924 |    5106 |  12.4 |      58 |       7 |  10.8
   Vaults:2 |   35337 |   33737 |  48.8 |      48 |      50 |  51.0
   Vaults:3 |   17553 |   15202 |  46.4 |      29 |      22 |  43.1
   Vaults:4 |   23534 |   27802 |  54.2 |      32 |      35 |  52.2
      Sewer |       0 |     145 | 100.0 |       0 |       8 | 100.0
      IceCv |       0 |    8998 | 100.0 |       0 |      27 | 100.0
 Desolation |       0 |   43674 | 100.0 |       0 |      92 | 100.0
   Gauntlet |       0 |    3908 | 100.0 |       0 |      12 | 100.0
            +---------+---------+-------+---------+---------+-------
